General information
- name: BNet
- type: Ladder team game (AT/RT)
- host: Battle.net
- saver: jjjjjjiiiiiilll
map: FullScaleAssault
- players: 8
- length: 44:14
- speed: Fast
- version: 1.28 W3XP
- replay type: Public
» download(267 KB)
Players
team 1 (winner)

»
MMM.SpermWhale (
yellow | 89 APM | 1962 actions | 22:06)
5 Priestess of the Moon
2 Searing Arrows
3 Trueshot Aura
» actions
| Assign group hotkey | 20 | |
| Basic commands | 146 | |
| Build / train | 93 | |
| ESC pressed | 8 | |
| Enter build submenu | 36 | |
| Enter hero's abilities submenu | 5 | |
| Give item / drop item | 4 | |
| Right click | 638 | |
| Select / deselect | 307 | |
| Select group hotkey | 626 | |
| Use ability | 79 | |
1962 total
» units
| Wisp | 40 | |
| Archer | 7 | |
| Faerie Dragon | 6 | |
| Goblin Shredder | 1 | |
| Druid of the Talon | 2 | |
| Goblin Zeppelin | 2 | |
| Chimaera | 6 | |
| Hippogryph | 5 | |
69 total
» upgrades
| Ultravision | 1 | |
| Strength of the Wild | 1 | |
| Reinforced Hides | 2 | |
| Druid of the Talon Training | 2 | |
| Mark of the Talon | 1 | |
| Strength of the Moon | 1 | |
| Nature's Blessing | 1 | |
9 total
» buildings
| Altar of Elders | 1 | |
| Moon Well | 8 | |
| Ancient of War | 1 | |
| Ancient of Wonders | 1 | |
| Hunter's Hall | 1 | |
| Tree of Ages | 1 | |
| Tree of Life | 2 | |
| Ancient Protector | 10 | |
| Ancient of Wind | 2 | |
| Tree of Eternity | 1 | |
| Chimaera Roost | 3 | |
31 total
» build order
00:13 Altar of Elders
00:20 Moon Well
00:35 Ancient of War
01:28 Moon Well
01:31 Moon Well
02:06 Ancient of Wonders
02:48 Moon Well
03:47 Hunter's Hall
04:46 Tree of Ages
05:39 Moon Well
06:48 Tree of Life
06:52 Ancient Protector
06:55 Moon Well
07:14 Ancient of Wind
07:47 Ancient Protector
07:49 Ancient Protector
09:22 Tree of Eternity
11:17 Ancient of Wind
11:46 Moon Well
12:03 Chimaera Roost
12:28 Moon Well
12:31 Chimaera Roost
13:00 Ancient Protector
13:02 Ancient Protector
13:44 Ancient Protector
13:57 Chimaera Roost
14:11 Tree of Life
16:11 Ancient Protector
16:12 Ancient Protector
18:27 Ancient Protector
19:26 Ancient Protector
» items
| Lesser Clarity Potion | 1 | |
| Potion of Lesser Invulnerability | 1 | |
| Periapt of Vitality | 1 | |
| Scroll of Town Portal | 2 | |
| Boots of Speed | 1 | |
6 total

»
Exarto (
blue | 46 APM | 1093 actions | 23:44)
6 Blademaster
3 Wind Walk
2 Critical Strike
1 Bladestorm
2 Shadow Hunter
1 Healing Wave
1 Hex
» actions
| Assign group hotkey | 9 | |
| Basic commands | 16 | |
| Build / train | 105 | |
| Enter build submenu | 17 | |
| Enter hero's abilities submenu | 8 | |
| Give item / drop item | 2 | |
| Remove unit from queue | 3 | |
| Right click | 560 | |
| Select / deselect | 295 | |
| Select group hotkey | 8 | |
| Use ability | 70 | |
1093 total
» units
| Peon | 25 | |
| Grunt | 8 | |
| Shaman | 14 | |
| Tauren | 15 | |
62 total
» upgrades
| Armor | 2 | |
| Berserker Strength | 1 | |
| Melee Weapons | 3 | |
| Shaman Training | 2 | |
| Pulverize | 1 | |
| Spiked Barricades | 1 | |
| Reinforced Defenses | 1 | |
| Witch Doctor Training | 1 | |
12 total
» buildings
| Altar of Storms | 1 | |
| Orc Burrow | 6 | |
| Barracks | 1 | |
| Voodoo Lounge | 1 | |
| Great Hall | 1 | |
| Stronghold | 1 | |
| War Mill | 1 | |
| Fortress | 1 | |
| Spirit Lodge | 1 | |
| Tauren Totem | 2 | |
| Watch Tower | 5 | |
21 total
» build order
00:06 Altar of Storms
00:09 Orc Burrow
00:34 Barracks
01:39 Orc Burrow
02:30 Voodoo Lounge
04:24 Great Hall
04:30 Stronghold
04:39 Orc Burrow
05:19 War Mill
06:57 Fortress
07:31 Spirit Lodge
09:35 Tauren Totem
09:38 Tauren Totem
10:28 Orc Burrow
11:01 Orc Burrow
12:46 Orc Burrow
13:18 Watch Tower
13:20 Watch Tower
13:22 Watch Tower
13:23 Watch Tower
13:25 Watch Tower
» items
| Healing Salve | 2 | |
| Boots of Speed | 1 | |
| Lesser Clarity Potion | 2 | |
| Orb of Lightning | 1 | |
| Scroll of Town Portal | 1 | |
| Potion of Healing | 2 | |
9 total
Thriller (
purple | 55 APM | 2437 actions | 44:14)
10 Blademaster
3 Wind Walk
3 Critical Strike
1 Bladestorm
3 Mirror Image
1 Priestess of the Moon
1 Starfall
» actions
| Assign group hotkey | 56 | |
| Basic commands | 48 | |
| Build / train | 98 | |
| Enter build submenu | 56 | |
| Enter hero's abilities submenu | 12 | |
| Give item / drop item | 12 | |
| Remove unit from queue | 4 | |
| Right click | 1109 | |
| Select / deselect | 413 | |
| Select group hotkey | 414 | |
| Use ability | 215 | |
2437 total
» units
| Peon | 12 | |
| Grunt | 8 | |
| Goblin Shredder | 3 | |
| Goblin Sapper | 3 | |
| Troll Batrider | 7 | |
| Goblin Zeppelin | 4 | |
| Blue Dragon | 2 | |
| Chimaera | 4 | |
43 total
» upgrades
| Reinforced Defenses | 1 | |
| Troll Regeneration | 1 | |
| Ranged Weapons | 3 | |
| Armor | 3 | |
| Liquid Fire | 1 | |
| Spiked Barricades | 2 | |
| Pillage | 1 | |
| Melee Weapons | 1 | |
| Corrosive Breath | 1 | |
| Strength of the Wild | 2 | |
| Reinforced Hides | 1 | |
| Well Spring | 1 | |
18 total
» buildings
| Orc Burrow | 4 | |
| Altar of Storms | 1 | |
| Barracks | 1 | |
| Voodoo Lounge | 2 | |
| Stronghold | 1 | |
| Great Hall | 2 | |
| War Mill | 2 | |
| Watch Tower | 43 | |
| Fortress | 1 | |
| Beastiary | 4 | |
| Moon Well | 5 | |
66 total
» build order
00:12 Orc Burrow
00:52 Altar of Storms
00:53 Barracks
01:05 Orc Burrow
01:40 Voodoo Lounge
02:52 Stronghold
03:46 Orc Burrow
05:07 Great Hall
05:21 War Mill
06:22 Orc Burrow
06:36 Watch Tower
06:36 Watch Tower
07:11 Watch Tower
07:20 Watch Tower
07:20 Watch Tower
07:20 Watch Tower
07:27 Watch Tower
07:30 Watch Tower
07:32 Watch Tower
09:21 Fortress
10:10 Watch Tower
10:11 Watch Tower
10:12 Watch Tower
11:03 Watch Tower
11:04 Watch Tower
11:07 Watch Tower
11:09 Watch Tower
11:11 Watch Tower
12:17 Beastiary
12:19 Beastiary
12:21 Beastiary
12:25 Beastiary
12:35 War Mill
15:00 Watch Tower
15:01 Watch Tower
15:01 Watch Tower
16:53 Watch Tower
16:54 Watch Tower
16:55 Watch Tower
19:07 Watch Tower
19:09 Watch Tower
19:10 Watch Tower
19:11 Watch Tower
22:27 Great Hall
22:29 Watch Tower
22:29 Watch Tower
22:29 Watch Tower
22:30 Watch Tower
22:31 Watch Tower
22:31 Watch Tower
22:31 Watch Tower
22:32 Watch Tower
22:33 Watch Tower
22:33 Watch Tower
22:34 Watch Tower
22:34 Watch Tower
22:38 Voodoo Lounge
34:13 Watch Tower
34:13 Watch Tower
34:13 Watch Tower
34:47 Moon Well
34:47 Moon Well
34:48 Moon Well
34:49 Moon Well
» items
| Healing Salve | 4 | |
| Scroll of Town Portal | 2 | |
| Boots of Speed | 1 | |
| Staff of Teleportation | 2 | |
| Periapt of Vitality | 1 | |
| Potion of Healing | 3 | |
| Orb of Lightning | 1 | |
| Potion of Mana | 2 | |
| Lesser Clarity Potion | 2 | |
18 total
ImNotASmurf (
teal | 45 APM | 911 actions | 20:20)
3 Demon Hunter
2 Immolation
1 Evasion
2 Priestess of the Moon
1 Trueshot Aura
1 Searing Arrows
» actions
| Assign group hotkey | 10 | |
| Build / train | 62 | |
| Enter build submenu | 18 | |
| Enter hero's abilities submenu | 5 | |
| Give item / drop item | 1 | |
| Remove unit from queue | 4 | |
| Right click | 569 | |
| Select / deselect | 213 | |
| Select group hotkey | 7 | |
| Use ability | 22 | |
911 total
» units
» upgrades
| Strength of the Wild | 2 | |
| Strength of the Moon | 1 | |
| Abolish Magic | 1 | |
4 total
» buildings
| Altar of Elders | 1 | |
| Moon Well | 6 | |
| Tree of Ages | 1 | |
| Ancient of War | 1 | |
| Hunter's Hall | 1 | |
| Ancient of Wonders | 1 | |
| Ancient of Lore | 2 | |
| Ancient of Wind | 2 | |
15 total
» build order
00:12 Altar of Elders
00:19 Moon Well
01:01 Moon Well
02:24 Tree of Ages
02:31 Ancient of War
02:53 Moon Well
03:01 Hunter's Hall
03:28 Ancient of Wonders
03:51 Moon Well
05:01 Ancient of Lore
05:08 Ancient of Lore
05:31 Ancient of Wind
06:00 Ancient of Wind
06:08 Moon Well
07:10 Moon Well
team 2 (loser)
Fishy_Vag1na (
orange | 48 APM | 1623 actions | 33:33)
9 Tauren Chieftain
3 Endurance Aura
3 War Stomp
1 Reincarnation
2 Shockwave
» actions
| Assign group hotkey | 34 | |
| Basic commands | 2 | |
| Build / train | 163 | |
| Enter build submenu | 24 | |
| Enter hero's abilities submenu | 9 | |
| Give item / drop item | 1 | |
| Remove unit from queue | 12 | |
| Right click | 755 | |
| Select / deselect | 316 | |
| Select group hotkey | 191 | |
| Use ability | 114 | |
1623 total
» units
| Peon | 22 | |
| Grunt | 3 | |
| Troll Headhunter/Berserker | 3 | |
| Troll Batrider | 19 | |
| Goblin Shredder | 4 | |
| Wind Rider | 31 | |
| Raider | 11 | |
| Demolisher | 7 | |
100 total
» upgrades
| Pillage | 1 | |
| Spiked Barricades | 1 | |
| Ranged Weapons | 3 | |
| Armor | 3 | |
| Liquid Fire | 1 | |
| Reinforced Defenses | 1 | |
| Envenomed Spears | 1 | |
| Ensnare | 1 | |
| Melee Weapons | 1 | |
| Burning Oil | 1 | |
14 total
» buildings
| Altar of Storms | 1 | |
| Orc Burrow | 7 | |
| Barracks | 1 | |
| War Mill | 1 | |
| Voodoo Lounge | 1 | |
| Stronghold | 3 | |
| Great Hall | 2 | |
| Fortress | 1 | |
| Beastiary | 2 | |
| Watch Tower | 16 | |
35 total
» build order
00:22 Altar of Storms
00:39 Orc Burrow
00:53 Barracks
01:09 War Mill
01:47 Orc Burrow
02:15 Voodoo Lounge
03:08 Stronghold
03:09 Stronghold
03:09 Stronghold
04:20 Great Hall
05:33 Fortress
06:34 Orc Burrow
06:38 Orc Burrow
07:19 Orc Burrow
07:38 Beastiary
10:18 Beastiary
10:21 Orc Burrow
10:48 Watch Tower
10:50 Watch Tower
10:51 Watch Tower
10:51 Watch Tower
12:17 Watch Tower
12:18 Watch Tower
12:19 Watch Tower
12:21 Orc Burrow
15:46 Watch Tower
15:47 Watch Tower
15:48 Watch Tower
19:42 Watch Tower
19:44 Watch Tower
19:45 Watch Tower
19:46 Watch Tower
19:46 Watch Tower
19:47 Watch Tower
31:08 Great Hall
» items
| Healing Salve | 8 | |
| Orb of Lightning | 1 | |
| Potion of Healing | 2 | |
| Scroll of Town Portal | 2 | |
| Lesser Clarity Potion | 1 | |
| Staff of Teleportation | 1 | |
15 total

»
MoutonSexy (
pink | 51 APM | 2213 actions | 43:11)
5 Paladin
3 Holy Light
2 Devotion Aura
4 Mountain King
2 Storm Bolt
2 Bash
» actions
| Basic commands | 5 | |
| Build / train | 123 | |
| Enter build submenu | 71 | |
| Enter hero's abilities submenu | 10 | |
| Give item / drop item | 2 | |
| Remove unit from queue | 4 | |
| Right click | 1120 | |
| Select / deselect | 746 | |
| Use ability | 129 | |
2213 total
» units
| Peasant | 32 | |
| Rifleman | 14 | |
| Knight | 3 | |
| Gryphon Rider | 4 | |
| Siege Engine | 3 | |
| Goblin Zeppelin | 3 | |
| Mortar Team | 3 | |
62 total
» upgrades
| Gunpowder | 3 | |
| Swords | 2 | |
| Plating | 2 | |
| Armor | 2 | |
| Storm Hammers | 1 | |
| Masonry | 2 | |
| Magic Sentry | 1 | |
| Barrage | 1 | |
| Flare | 1 | |
15 total
» buildings
| Altar of Kings | 3 | |
| Farm | 16 | |
| Blacksmith | 1 | |
| Barracks | 1 | |
| Lumber Mill | 2 | |
| Arcane Vault | 1 | |
| Town Hall | 7 | |
| Keep | 3 | |
| Scout Tower | 26 | |
| Guard Tower | 20 | |
| Castle | 2 | |
| Gryphon Aviary | 2 | |
| Workshop | 3 | |
| Arcane Sanctum | 1 | |
88 total
» build order
00:06 Altar of Kings
00:09 Farm
00:39 Blacksmith
01:30 Barracks
01:38 Farm
02:05 Lumber Mill
02:11 Arcane Vault
02:17 Farm
04:00 Town Hall
04:49 Farm
05:50 Keep
06:14 Scout Tower
06:16 Scout Tower
06:21 Scout Tower
06:22 Scout Tower
06:52 Guard Tower
06:53 Guard Tower
06:54 Guard Tower
06:54 Guard Tower
06:59 Scout Tower
07:04 Scout Tower
07:24 Farm
07:29 Guard Tower
07:29 Guard Tower
07:39 Guard Tower
08:01 Farm
08:14 Scout Tower
08:15 Scout Tower
08:17 Scout Tower
08:45 Scout Tower
08:48 Scout Tower
08:57 Castle
09:12 Guard Tower
09:13 Guard Tower
09:17 Guard Tower
09:51 Farm
09:55 Farm
10:45 Farm
10:48 Gryphon Aviary
10:52 Gryphon Aviary
11:02 Workshop
11:39 Farm
12:37 Farm
13:19 Farm
15:02 Arcane Sanctum
15:43 Farm
20:59 Altar of Kings
21:03 Keep
21:07 Scout Tower
21:07 Scout Tower
21:08 Scout Tower
21:30 Town Hall
21:38 Guard Tower
21:42 Guard Tower
22:34 Town Hall
22:37 Scout Tower
23:34 Scout Tower
23:55 Castle
23:58 Workshop
24:00 Workshop
26:25 Town Hall
26:31 Scout Tower
28:18 Town Hall
29:13 Scout Tower
29:52 Guard Tower
29:55 Scout Tower
29:57 Scout Tower
30:00 Scout Tower
30:35 Guard Tower
30:35 Guard Tower
30:37 Scout Tower
30:39 Scout Tower
30:40 Scout Tower
31:06 Guard Tower
31:15 Guard Tower
31:16 Keep
32:15 Guard Tower
32:15 Guard Tower
32:20 Scout Tower
32:21 Scout Tower
33:22 Town Hall
33:51 Castle
33:54 Guard Tower
35:06 Town Hall
36:16 Altar of Kings
36:19 Farm
36:59 Farm
37:35 Farm
40:07 Lumber Mill
» items
| Orb of Fire | 1 | |
| Scroll of Town Portal | 2 | |
3 total
jjjjjjiiiiiilll (
green | 103 APM | 4576 actions | 44:14)
7 Blademaster
3 Wind Walk
3 Critical Strike
1 Bladestorm
5 Shadow Hunter
3 Hex
2 Healing Wave
1 Goblin Tinker
1 Engineering Upgrade
» actions
| Assign group hotkey | 120 | |
| Basic commands | 440 | |
| Build / train | 187 | |
| ESC pressed | 5 | |
| Enter build submenu | 50 | |
| Enter hero's abilities submenu | 15 | |
| Give item / drop item | 18 | |
| Right click | 1533 | |
| Select / deselect | 613 | |
| Select group hotkey | 1332 | |
| Use ability | 263 | |
4576 total
» units
| Peon | 16 | |
| Grunt | 3 | |
| Goblin Shredder | 5 | |
| Troll Headhunter/Berserker | 12 | |
| Goblin Zeppelin | 20 | |
| Shaman | 6 | |
| Blue Drake | 5 | |
| Blue Dragon | 4 | |
| Troll Batrider | 3 | |
| Goblin Sapper | 5 | |
| Wind Rider | 4 | |
| Troll Witch Doctor | 1 | |
84 total
» upgrades
| Armor | 3 | |
| Berserker Strength | 1 | |
| Ranged Weapons | 3 | |
| Pillage | 1 | |
| Shaman Training | 2 | |
| Reinforced Defenses | 1 | |
| Berserker Upgrade | 1 | |
| Troll Regeneration | 1 | |
| Witch Doctor Training | 2 | |
| Spiked Barricades | 2 | |
| Melee Weapons | 3 | |
| Liquid Fire | 1 | |
| Envenomed Spears | 1 | |
22 total
» buildings
| Orc Burrow | 8 | |
| Altar of Storms | 1 | |
| Barracks | 1 | |
| Voodoo Lounge | 2 | |
| Stronghold | 6 | |
| War Mill | 1 | |
| Great Hall | 2 | |
| Watch Tower | 24 | |
| Fortress | 4 | |
| Spirit Lodge | 1 | |
| Beastiary | 4 | |
54 total
» build order
00:07 Orc Burrow
00:42 Altar of Storms
01:01 Orc Burrow
01:26 Barracks
01:56 Voodoo Lounge
03:05 Orc Burrow
03:58 Stronghold
03:58 Stronghold
03:58 Stronghold
04:16 War Mill
04:54 Great Hall
07:06 Watch Tower
07:07 Watch Tower
07:09 Fortress
07:09 Fortress
07:10 Fortress
08:22 Orc Burrow
08:39 Watch Tower
09:03 Spirit Lodge
10:07 Watch Tower
10:22 Watch Tower
11:58 Watch Tower
12:00 Watch Tower
12:04 Watch Tower
12:08 Watch Tower
12:19 Watch Tower
12:24 Orc Burrow
12:37 Watch Tower
17:57 Watch Tower
17:59 Watch Tower
18:44 Voodoo Lounge
20:14 Great Hall
20:17 Watch Tower
20:18 Watch Tower
20:19 Watch Tower
20:21 Watch Tower
20:33 Beastiary
20:34 Beastiary
21:43 Watch Tower
21:44 Watch Tower
21:45 Watch Tower
21:47 Watch Tower
21:49 Watch Tower
21:50 Watch Tower
25:04 Beastiary
25:06 Beastiary
26:17 Orc Burrow
26:20 Orc Burrow
27:22 Watch Tower
28:58 Stronghold
28:58 Stronghold
41:11 Orc Burrow
» items
| Healing Salve | 5 | |
| Lesser Clarity Potion | 5 | |
| Periapt of Vitality | 2 | |
| Circlet of Nobility | 1 | |
| Boots of Speed | 2 | |
| Orb of Lightning | 2 | |
| Scroll of Town Portal | 4 | |
| Potion of Lesser Invulnerability | 3 | |
| Staff of Teleportation | 3 | |
| Tiny Great Hall | 1 | |
28 total
nighthawk (
red | 38 APM | 1244 actions | 32:26)
6 Archmage
3 Summon Water Elemental
2 Brilliance Aura
1 Mass Teleport
2 Pit Lord
1 Howl of Terror
1 Cleaving Attack
» actions
| Basic commands | 237 | |
| Build / train | 105 | |
| ESC pressed | 34 | |
| Enter build submenu | 39 | |
| Enter hero's abilities submenu | 8 | |
| Give item / drop item | 1 | |
| Right click | 17 | |
| Select / deselect | 697 | |
| Use ability | 106 | |
1244 total
» units
| Peasant | 48 | |
| Footman | 4 | |
| Rifleman | 11 | |
| Knight | 3 | |
| Goblin Shredder | 1 | |
67 total
» upgrades
| Gunpowder | 2 | |
| Plating | 2 | |
| Swords | 2 | |
| Lumber Harvesting | 2 | |
| Long Rifles | 1 | |
| Masonry | 3 | |
| Armor | 2 | |
| Animal War Training | 1 | |
15 total
» buildings
| Farm | 9 | |
| Altar of Kings | 2 | |
| Barracks | 2 | |
| Blacksmith | 1 | |
| Arcane Vault | 1 | |
| Lumber Mill | 1 | |
| Keep | 2 | |
| Town Hall | 6 | |
| Castle | 2 | |
| Scout Tower | 13 | |
| Arcane Tower | 4 | |
| Guard Tower | 4 | |
47 total
» build order
01:12 Farm
01:31 Altar of Kings
01:41 Barracks
01:53 Barracks
01:56 Farm
02:10 Blacksmith
02:33 Farm
02:38 Arcane Vault
03:12 Lumber Mill
03:16 Farm
03:59 Farm
05:07 Farm
05:30 Keep
05:50 Farm
06:40 Farm
07:26 Farm
09:12 Town Hall
10:50 Castle
12:53 Scout Tower
12:57 Scout Tower
13:27 Arcane Tower
14:52 Guard Tower
16:26 Scout Tower
16:29 Scout Tower
17:14 Scout Tower
17:16 Scout Tower
17:20 Scout Tower
17:21 Scout Tower
17:23 Scout Tower
17:52 Arcane Tower
17:54 Guard Tower
18:08 Town Hall
21:10 Town Hall
22:41 Town Hall
24:30 Town Hall
26:25 Town Hall
27:44 Altar of Kings
28:09 Keep
28:50 Scout Tower
28:51 Scout Tower
29:05 Scout Tower
29:06 Scout Tower
29:28 Arcane Tower
29:32 Guard Tower
29:39 Arcane Tower
29:42 Guard Tower
30:35 Castle
» items
Chat log
(00:15 / Allies) MoutonSexy: Plan ?
(00:31 / Allies) MoutonSexy: 2 orc 2 human
(00:31 / Allies) jjjjjjiiiiiilll: yea
(00:33 / Allies) Fishy_Vag1na: green hero?
(00:37 / Allies) jjjjjjiiiiiilll: yea
(00:42 / Allies) Fishy_Vag1na: which hero
(00:48 / Allies) jjjjjjiiiiiilll: bm
(00:50 / Allies) jjjjjjiiiiiilll: sh
(00:54 / Allies) Fishy_Vag1na: k
(00:56 / Allies) MoutonSexy: wood***
(00:58 / Allies) MoutonSexy: sorry
(01:15 / Allies) Fishy_Vag1na: units green?
(01:18 / Allies) jjjjjjiiiiiilll: YEAH
(01:20 / Allies) MoutonSexy: .
(01:23 / Allies) Fishy_Vag1na: which ones
(01:32 / Allies) jjjjjjiiiiiilll: GOOD ONES
(01:37 / Allies) Fishy_Vag1na: godamnit green
(01:44 / Allies) jjjjjjiiiiiilll: it's cool man
(03:44 / Allies) jjjjjjiiiiiilll: gave you item
(03:49 / Allies) MoutonSexy: ty
(06:11 / Allies) Fishy_Vag1na: im gojng wyv bat green
(06:14 / Allies) jjjjjjiiiiiilll: kk
(06:15 / Allies) Fishy_Vag1na: and doc
(06:37 / Allies) jjjjjjiiiiiilll: give me claws 9 for 800 gold?
(06:41 / Allies) jjjjjjiiiiiilll: one of the best items on bm red
(06:47 / Allies) jjjjjjiiiiiilll: i can give you int item
(07:02 / Allies) jjjjjjiiiiiilll: red?
(07:28 / Allies) jjjjjjiiiiiilll: red trade int item for your claw?
(07:44 / Allies) jjjjjjiiiiiilll: thanks man
(07:48 / Allies) jjjjjjiiiiiilll: appreciate it
(08:24 / Allies) Fishy_Vag1na: skip
(09:14 / Allies) Fishy_Vag1na: b?
(09:17 / Allies) Fishy_Vag1na: b
(09:22 / Allies) Fishy_Vag1na: b
(09:39 / Allies) MoutonSexy: i go griphon ?
(09:41 / Allies) MoutonSexy: or knight?
(09:46 / Allies) Fishy_Vag1na: ger some both
(09:54 / Allies) Fishy_Vag1na: wood pzl
(10:02 / Allies) Fishy_Vag1na: wood asap
(10:13 / Allies) Fishy_Vag1na: ty
(12:25 / Allies) Fishy_Vag1na: meet
(12:48 / Allies) MoutonSexy: where
(13:29 / Allies) Fishy_Vag1na: tp
(17:29 / All) jjjjjjiiiiiilll: nice mh tping before you could see me
(17:37 / All) MMM.SpermWhale: i have ward down
(20:06 / All) jjjjjjiiiiiilll: you have no ward
(23:20 / All) jjjjjjiiiiiilll: raped blue
(23:27 / All) Exarto: raped?
(23:28 / All) Exarto: lmao
(23:32 / All) jjjjjjiiiiiilll: you got raped
(23:40 / All) Exarto: please son u got lucky my team sucke
(23:48 / All) Thriller: lol
(23:48 / All) jjjjjjiiiiiilll: rage
(23:53 / All) Fishy_Vag1na: rage quit
(24:22 / All) MoutonSexy: lol you thriller
(26:33 / All) Thriller: whoops
(27:04 / All) MoutonSexy: wtf
(27:06 / All) MoutonSexy: jjjilll
(27:11 / All) MoutonSexy: fag ?
(27:14 / All) jjjjjjiiiiiilll: hm?
(32:41 / All) Thriller: I took out two of their bases and my team dropped anyway lawl
(32:43 / All) Thriller: it was even
(32:57 / All) jjjjjjiiiiiilll: ORANGE IS THE KIND OF PLAYER TO
(33:06 / All) jjjjjjiiiiiilll: "=PLAY IT OUT ALL GAME
(33:08 / Allies) MoutonSexy: u
(33:08 / All) jjjjjjiiiiiilll: I CAN TELL
(34:07 / All) jjjjjjiiiiiilll: yOU LOSE, PINK
(34:14 / All) MoutonSexy: i dont care lol
(34:17 / All) jjjjjjiiiiiilll: then out
(34:25 / All) MoutonSexy: i love play still
(34:48 / All) MoutonSexy: lollly nooby
(35:04 / All) jjjjjjiiiiiilll: YOU DIE, NOOBIE
(37:55 / All) Thriller: yellow bitched out even before blue and had army and full base lawl
(38:04 / Allies) MoutonSexy: .
(38:05 / All) jjjjjjiiiiiilll: i THINK YELLOW MH
(38:09 / All) jjjjjjiiiiiilll: UNLESS HE REALLY DID HAVE WARD
(38:14 / All) jjjjjjiiiiiilll: his tp to his island was instant
(38:15 / All) Thriller: pink might mh too
(38:27 / All) Thriller: we did have vision when I told you that first time lawl
(38:27 / All) jjjjjjiiiiiilll: peons by your bot right base
(38:35 / All) jjjjjjiiiiiilll: pinks
(38:35 / All) jjjjjjiiiiiilll: oh
(39:05 / All) Thriller: we never scouted orange baselol
(39:21 / All) MoutonSexy: i dont mh your just noob thinking that trololol
(39:33 / All) jjjjjjiiiiiilll: I played bad this game, shoulda gone to 80 food way faster
(39:35 / All) Thriller: he moved his peasants at the base above me
(39:38 / All) Thriller: before he had vision on my bm
(39:51 / All) Thriller: it was pretty even match my team quit for no reason lawl
(40:00 / All) Thriller: I guess they didn't notice the damage I did
(40:43 / All) jjjjjjiiiiiilll: no chat
(40:49 / All) jjjjjjiiiiiilll: but i didn't really try to get any out of them either lawl
(41:36 / All) MoutonSexy: well gotta go work soon noob folks ill leabe
(41:43 / All) jjjjjjiiiiiilll: LEAVE
(42:22 / All) Thriller: MAY DAY
(42:23 / All) Thriller: MAY DAY
(42:30 / All) jjjjjjiiiiiilll: what yoiu do for work pink
(42:31 / All) Thriller: put all the peons there
(42:36 / All) Thriller: starfall so I can starfall lawl
(42:46 / All) Thriller: watch this starfall
(42:49 / All) jjjjjjiiiiiilll: k
(42:51 / All) jjjjjjiiiiiilll: pro
(42:53 / All) Thriller: lawl
(43:04 / All) Thriller: starfall is awesome when it doesn't get instant stunned
(43:10 / All) MoutonSexy: bye
(43:18 / All) jjjjjjiiiiiilll: I have a pro +27 bm
(43:19 / All) Thriller: let's statas
(43:22 / All) jjjjjjiiiiiilll: just need pendant of energy and it'd be perfect
(43:32 / All) jjjjjjiiiiiilll: pink 26-29 somehow
(43:40 / All) jjjjjjiiiiiilll: plus possible mh
(43:42 / All) jjjjjjiiiiiilll: 20-17 oj
(43:43 / All) Thriller: my team all shit stats
(43:49 / All) jjjjjjiiiiiilll: red 201-238
(43:50 / All) Thriller: oj got best stats so far lmao
(43:54 / All) jjjjjjiiiiiilll: two above 50% and probably hacker
(44:03 / All) jjjjjjiiiiiilll: my team lose
(44:03 / All) Thriller: They all quit when I killed 2 bases and was killing your teams expos
(44:07 / All) Thriller: and I had level 9 BM
(44:11 / All) Thriller: close to 10